 Dungeon Sprint DCSS version 0.17-a0-2002-g92c7e20 (webtiles) character file.

92 Kidiri the Sneak (level 4, -6/31 HPs)
             Began as a Spriggan Enchanter on Oct 8, 2015.
             Mangled by a water elemental (10 damage)
             ... in the Dungeon (Sprint III: "The Ten Rune Challenge").
             The game lasted 00:02:55 (218 turns).

Kidiri the Sneak (Spriggan Enchanter)                Turns: 218, Time: 00:02:55

Health: -6/31      AC:  4    Str:  9    XL:     4   Next: 35%
Magic:  1/12       EV: 21    Int: 16    God:
Gold:   15         SH:  0    Dex: 17    Spells: 5 memorised, 1 level left

rFire  . . .     SeeInvis +     k - +0 short sword
rCold  . . .     Clarity  .     b - +1 robe
rNeg   . . .     SustAt   .     (shield restricted)
rPois  +         Gourm    .     (helmet restricted)
rElec  .         Spirit   .     (no cloak)
rCorr  .         Warding  .     (gloves unavailable)
rMut   .         NoTele   +     (boots unavailable)
MR     .....                    (no amulet)
Stlth  ..........               (no ring)
                                (no ring)

@: berserking, very slightly contaminated, very quick, not resistant to hostile
enchantments, extremely unstealthy
A: unfitting armour, hooves 1, yellow scales 1, see invisible, deformed body,
herbivore 3, speed 3, poison resistance, slow metabolism 2, wild magic 1
a: no special abilities


You were in the Dungeon.
You were not hungry.

You visited 1 branch You collected 15 gold pieces.

Inventory:

Hand Weapons
 a - a +1 dagger
 k - a +0 short sword (weapon)
Armour
 b - a +1 robe (worn)
Wands
 l - a wand of polymorph (7)
Scrolls
 j - a scroll of blinking
 o - a scroll of immolation
 q - 3 scrolls of remove curse
 u - a scroll of torment
Potions
 e - a potion of curing
 f - a potion of heal wounds
 g - a potion of haste
 h - 2 potions of magic
 m - a potion of brilliance {unknown}
 s - 3 potions of cure mutation
 t - 2 potions of flight {unknown}
Books
 c - a book of Maledictions

   Spells                             Type                      Level
   a - Corona                         Hexes                        1
   b - Ensorcelled Hibernation        Hexes/Ice                    2
   c - Confuse                        Hexes                        3
   d - Tukima's Dance                 Hexes                        3
   e - Dazzling Spray                 Conjuration/Hexes            3
Comestibles
 d - a bread ration
 r - a royal jelly
 v - 2 fruits


   Skills:
 * Level 4.0 Short Blades
 + Level 1.7 Armour
 * Level 6.0 Dodging
 * Level 7.2 Stealth
 * Level 5.1 Spellcasting
 + Level 0.7 Conjurations
 + Level 4.8 Hexes
 + Level 1.2 Ice Magic


You had one spell level left.
You knew the following spells:

 Your Spells              Type           Power        Failure   Level  Hunger
a - Corona                Hex            ####...      5%          1    None
b - Ensorcelled Hibernat  Hex/Ice        ###...       19%         2    #......
c - Confuse               Hex            ####....     16%         3    ###....
d - Tukima's Dance        Hex            ####....     16%         3    ###....
e - Dazzling Spray        Conj/Hex       ###.....     26%         3    ###....


Dungeon Overview and Level Annotations

Branches:
Dungeon (1/1)

Altars:


Innate Abilities, Weirdness & Mutations

You are tiny and cannot use many weapons and most armour.
You have supernaturally acute eyesight.
You are a herbivore.
You cover ground extremely quickly.
You need consume almost no food.
You have large cloven feet.
You are partially covered in yellow scales (AC +2).
Armour fits poorly on your strangely shaped body.
Your system is resistant to poisons.
Your spells are a little harder to cast, but a little more powerful.


Message History

You barely miss the water elemental. You kick the water elemental.
The water elemental is moderately damaged.
Your lungs strain for air!
With effort, you pull free of the water engulfing you.
You gasp with relief as air once again reaches your lungs.
You hit the water elemental.
The water elemental is heavily damaged.
You hit the water elemental. You kick the water elemental.
The water elemental is heavily damaged.
The water elemental misses you.
You puncture the water elemental!
The water elemental is almost destroyed.
The water elemental hits you!
* * * LOW HITPOINT WARNING * * *
The water elemental engulfs you in water!
With effort, you pull free of the water engulfing you.
You gasp with relief as air once again reaches your lungs.
You feel a strong urge to attack something.
The water elemental hits you!
You die...

▓▓▓▓▓▓▓▓▓ ▓▓▓ ▓<..#...####
##.# ▓...#......#####..#
▓..##.......#..#..#
▓##.##.##..[#..#..###+#+##
##.##.###..##+#..#.......
▓#.####.##.@###...'.⌠.....
▓.###..##.E####...#...####
▓#.....##..###....#.⌠.#
###..##...##.....#...#
##..##....#......#+###
#..###..##.#...%.# #(.#
#..#####....# ▓▓▓▓ ▓▓▓▓
▓▓▓▓▓▓


You could see a water elemental.

Vanquished Creatures
  A scorpion (D)
  Jessica (D)
  A human (D)
  2 rats (D)
5 creatures vanquished.

Vanquished Creatures (others)
  A draconian scorcher (D)
1 creature vanquished.

Grand Total: 6 creatures vanquished

Notes
Turn   | Place    | Note
--------------------------------------------------------------
     0 | D        | Kidiri the Spriggan Enchanter began the quest for the Orb.
     0 | D        | Reached XP level 1. HP: 9/9 MP: 5/5
    23 | D        | Noticed Jessica
    27 | D        | Killed Jessica
    27 | D        | Reached skill level 1 in Armour
    27 | D        | Reached skill level 6 in Stealth
    27 | D        | Reached XP level 2. HP: 13/13 MP: 6/8
    32 | D        | Learned a level 2 spell: Ensorcelled Hibernation
    67 | D        | Noticed a scorpion
    99 | D        | Reached skill level 5 in Dodging
    99 | D        | Reached XP level 3. HP: 14/16 MP: 4/9
   104 | D        | Learned a level 3 spell: Confuse
   108 | D        | Learned a level 3 spell: Dazzling Spray
   152 | D        | Killed a scorpion
   152 | D        | Reached skill level 7 in Stealth
   152 | D        | Reached skill level 5 in Spellcasting
   152 | D        | Reached skill level 1 in Ice Magic
   152 | D        | Reached XP level 4. HP: 21/21 MP: 8/12
   173 | D        | Gained mutation: Your system is resistant to poisons. [potion of mutation]
   173 | D        | Gained mutation: Armour fits poorly on your strangely shaped body. [potion of mutation]
   173 | D        | Gained mutation: You are partially covered in yellow scales (AC +2). [potion of mutation]
   174 | D        | Gained mutation: Your spells are a little harder to cast, but a little more powerful. [potion of mutation]
   174 | D        | Gained mutation: You have large cloven feet. [potion of mutation]
   179 | D        | Learned a level 3 spell: Tukima's Dance
   193 | D        | Noticed a water elemental
   211 | D        | Killed a white draconian scorcher
   218 | D        | Mangled by a water elemental

Vault maps used:
D:        dungeon_sprint_mu

Action                   |  1- 3 |  4- 6 || total
-------------------------+-------+-------++-------
Melee: Dagger            |     6 |       ||     6
       Short sword       |    16 |     6 ||    22
 Cast: Ensorcelled Hiber |     3 |       ||     3
       Corona            |     2 |       ||     2
       Dazzling Spray    |       |     2 ||     2
  Use: Scroll            |       |     3 ||     3
       Potion            |       |     3 ||     3
 Stab: Sleeping          |     4 |       ||     4
